 Dungeon Crawl Stone Soup version 0.20-a0-465-g6513c8f (webtiles) character file.

518 PurpleRed the Magician (level 7, -1/54 HPs)
             Began as a Deep Elf Venom Mage on Jan 12, 2017.
             Was a Follower of Vehumet.
             Slain by a centaur (5 damage)
             ... on level 4 of the Dungeon.
             The game lasted 00:12:55 (3908 turns).

PurpleRed the Magician (Deep Elf Venom Mage)        Turns: 3908, Time: 00:12:56

Health: -1/54      AC:  4    Str: 10    XL:     7   Next: 1%
Magic:  11/19      EV: 13    Int: 22    God:    Vehumet [*.....]
Gold:   124        SH:  0    Dex: 15    Spells: 13/20 levels left

rFire  . . .     SeeInvis .     d - +0 dagger
rCold  . . .     Gourm    .     a - +0 robe
rNeg   . . .     Faith    .     (no shield)
rPois  .         Spirit   .     (no helmet)
rElec  .         Reflect  .     (no cloak)
rCorr  .         Harm     .     (no gloves)
MR     .....                    f - +1 pair of boots
Stlth  ..........               (no amulet)
                                (no ring)
                                (no ring)

@: berserking, very quick
A: no striking features
a: Renounce Religion


You were on level 4 of the Dungeon.
You worshipped Vehumet.
Vehumet was aware of your devotion.
You were hungry.

You visited 1 branch of the dungeon, and saw 4 of its levels.

You collected 124 gold pieces.

Inventory:

Hand Weapons
 d - a +0 dagger (weapon)
 m - a +0 blowgun
 q - a cursed -2 dagger
Armour
 a - a +0 robe (worn)
 f - a +1 pair of boots (worn)
Scrolls
 i - 2 scrolls of remove curse
 j - 3 scrolls of magic mapping
 l - 2 scrolls of identify
Potions
 e - a potion of berserk rage
 r - a potion of flight
Books
 b - a Young Poisoner's Handbook

   Spells                             Type                      Level
   a - Sting                          Conjuration/Poison           1
   b - Poisonous Vapours              Poison/Air                   2
   c - Mephitic Cloud                 Conjuration/Poison/Air       3
   d - Olgreb's Toxic Radiance        Poison                       4
   e - Venom Bolt                     Conjuration/Poison           5
Comestibles
 c - 2 bread rations
 g - a slice of pizza
 h - a meat ration


   Skills:
 - Level 2.4 Dodging
 - Level 2.4 Stealth
 + Level 7.4 Spellcasting
 + Level 5.7 Conjurations
 - Level 3.2 Poison Magic


You had 13 spell levels left.
You knew the following spells:

 Your Spells              Type           Power        Failure   Level  Hunger
a - Sting                 Conj/Pois      ####         1%          1    None
b - Poisonous Vapours     Pois/Air       ###...       8%          2    None
c - Mephitic Cloud        Conj/Pois/Air  ###.....     10%         3    None
d - Freeze                Ice            #...         10%         1    None


Dungeon Overview and Level Annotations

Branches:
Dungeon (4/15)
 Temple: D:4-7

Altars:
Cheibriados
Dithmenos
Vehumet
Yredelemnul

Annotations:
D:4 TroubleDarcy's ghost, novice DgFE


Message History

* * * LOW HITPOINT WARNING * * *
You see here 2 arrows.
As you read the scroll of fog, it crumbles to dust.
The scroll dissolves into smoke.
Okay, then.
Okay, then.
You start resting.
The centaur unwields an uncursed shortbow.
The centaur closely misses you.
A red film seems to cover your vision as you go berserk!
You feel yourself moving faster!
You feel mighty! The centaur barely misses you.
You barely miss the centaur. The centaur closely misses you.
You puncture the centaur!
The centaur is heavily wounded.
The centaur completely misses you.
You hit the centaur.
The centaur is heavily wounded.
The centaur hits you.
You die...

###..... #.#.##### #...#
... #.#...#.. #§#.##
#.##.###.#..
.########§§§.#.#........W<.
.c..))§§§§§....#.#..######r
.#####§###§.[##.###........
#. ##.#.###.#%........ ..
#c###.....######### .##
##@#...### # .. ##.##.# #
P. ####.# # _.. #.# # #.# #
#.# #### #.# #...
#.#########.##
#...........#


You could see a centaur.

Vanquished Creatures
  Duvessa (D:3)
  2 ogres (D:4)
  Dowan (D:4)
  2 orc wizards
  4 adders
  2 oozes (D:1)
  2 worms
  3 dart slugs
  A leopard gecko (D:4)
  9 orcs
  A ball python (D:3)
  10 bats
  5 giant cockroaches
  9 goblins
  7 hobgoblins
  4 jackals (D:1)
  6 frilled lizards
  11 kobolds
  6 rats
86 creatures vanquished.

Notes
Turn   | Place    | Note
-------+----------+-------------------------------------------
     0 | D:1      | PurpleRed the Deep Elf Venom Mage began the quest for the Orb.
     0 | D:1      | Reached XP level 1. HP: 10/10 MP: 6/6
    85 | D:1      | Reached XP level 2. HP: 15/15 MP: 2/8
    89 | D:1      | Learned a level 2 spell: Poisonous Vapours
   587 | D:1      | Reached XP level 3. HP: 19/19 MP: 0/10
   686 | D:1      | Reached skill level 4 in Spellcasting
   731 | D:1      | Learned a level 3 spell: Mephitic Cloud
  1351 | D:2      | Found a shadowy altar of Dithmenos.
  1356 | D:2      | Found a snail-covered altar of Cheibriados.
  1517 | D:2      | Found a radiant altar of Vehumet.
  1521 | D:2      | Became a worshipper of Vehumet
  1752 | D:2      | Reached XP level 4. HP: 24/24 MP: 3/12
  2163 | D:3      | Reached skill level 5 in Spellcasting
  2583 | D:3      | Reached XP level 5. HP: 27/28 MP: 3/14
  2874 | D:3      | Reached * piety under Vehumet
  2874 | D:3      | Offered knowledge of Freeze by Vehumet.
  2993 | D:3      | Learned a level 1 spell: Freeze
  3030 | D:4      | Noticed an ogre
  3052 | D:4      | Killed an ogre
  3052 | D:4      | Reached skill level 6 in Spellcasting
  3176 | D:4      | Noticed Dowan
  3184 | D:4      | Killed Dowan
  3184 | D:4      | Reached XP level 6. HP: 12/32 MP: 10/17
  3370 | D:4      | Noticed Duvessa
  3371 | D:4      | Noticed TroubleDarcy's ghost (novice DgFE)
  3386 | D:3      | Killed Duvessa
  3386 | D:3      | Reached skill level 7 in Spellcasting
  3386 | D:3      | Reached skill level 5 in Conjurations
  3892 | D:4      | Reached XP level 7. HP: 36/36 MP: 8/19
  3895 | D:4      | Found a basalt altar of Yredelemnul.
  3896 | D:4      | HP: 1/36 [centaur/arrow (12)]
  3908 | D:4      | Slain by a centaur

Vault maps used:
D:1:      evilmike_arrival_plus, glass_columns_c
D:2:      vehumet_crystals, minitemple
D:4:      yredelemnul_altar_generic, uniq_duvessa

Skill      XL: |  1  2  3  4  5  6 |
---------------+-------------------+-----
Conjurations   | 2 3 4 5 |  5.7
Spellcasting   | 4 5 6 7 |  7.4
Dodging        | |  2.4
Stealth        | |  2.4
Poison Magic   | |  3.2

Action                   |  1- 3 |  4- 6 |  7- 9 || total
-------------------------+-------+-------+-------++-------
Melee: Dagger            |    33 |    28 |     3 ||    64
 Cast: Sting             |    24 |     6 |       ||    30
       Poisonous Vapours |    36 |    72 |       ||   108
       Mephitic Cloud    |       |     1 |       ||     1
  Use: Scroll            |       |    11 |     1 ||    12
       Potion            |       |     2 |     1 ||     3
 Stab: Sleeping          |     1 |     1 |       ||     2
  Eat: Chunk             |     3 |     6 |       ||     9
Armor: Robe              |     6 |     4 |       ||    10
Dodge: Dodged            |    37 |    25 |     4 ||    66
